 Dungeon Sprint DCSS version 0.17.0-9-g801d43b (webtiles) character file.

7900000 Burgietje the Conqueror (level 27, -53/323 HPs)
             Began as an Ogre Berserker on Nov 10, 2015.
             Was the Champion of Makhleb.
             Annihilated by The Servant
             ... wielding a +9 glaive of flaming
              (54 damage)
             ... in the Dungeon (Sprint VIII: "Arena of Blood").
             The game lasted 00:03:20 (79 turns).

Burgietje the Conqueror (Ogre Berserker)              Turns: 79, Time: 00:03:20

Health: -53/323    AC:  5    Str: 30    XL:     27
Magic:  33/54      EV: 31    Int:  6    God:    Makhleb [******]
Gold:   0          SH:  0    Dex: 18    Spells: 0 memorised, 80 levels left

rFire  . . .     SeeInvis .     j - +∞ Axe of Woe
rCold  . . .     Clarity  .     b - +0 animal skin
rNeg   . . .     SustAt   .     (shield currently unavailable)
rPois  .         Gourm    .     (helmet restricted)
rElec  .         Spirit   .     (no cloak)
rCorr  .         Warding  .     (gloves unavailable)
rMut   .         NoTele   +     (boots unavailable)
MR     ++...                    (no amulet)
Stlth  ++++++....               l - +200 ring of slaying
                                k - +200 ring of slaying

@: very resistant to hostile enchantments, very stealthy
A: unfitting armour, tough skin 1
a: Minor Destruction, Lesser Servant of Makhleb, Major Destruction, Greater
Servant of Makhleb, Renounce Religion


You were in the Dungeon.
You worshipped Makhleb.
Makhleb was exalted by your worship.
You were not hungry.

You visited 1 branch

Inventory:

Hand Weapons
 a - a +0 hand axe
 j - the +∞ Axe of Woe (weapon)
   (You found it in the Dungeon)
Armour
 b - a +0 animal skin (worn)
Jewellery
 k - a +200 ring of slaying (left hand)
 l - a +200 ring of slaying (right hand)
Scrolls
 i - a scroll of blinking
Potions
 d - a potion of curing
 e - a potion of heal wounds
 f - a potion of haste
 g - 2 potions of magic
 h - a potion of berserk rage
Comestibles
 c - a bread ration


   Skills:
 O Level 27 Fighting
 O Level 27 Axes
 O Level 27 Throwing
 O Level 27 Armour
 O Level 27 Dodging
 O Level 27 Stealth
 O Level 27 Unarmed Combat
 O Level 27 Spellcasting
 O Level 27 Invocations


You had 80 spell levels left.
You didn't know any spells.

Dungeon Overview and Level Annotations

Branches:
Dungeon (1/1)

Altars:
Makhleb

Annotations:
D The Servant


Innate Abilities, Weirdness & Mutations

You are too large for most types of armour.
You have tough skin (AC +1).


Message History

Makhleb accepts your kill.
You feel better.
You slice the bag of meat like a ripe choko!!!
You slaughter the bag of meat joyfully.
You kill the bag of meat!
Makhleb accepts your kill.
You feel better.
You hear a shout! x8
The eight-headed meat hydra calls on the powers of darkness!
The eight-headed meat hydra convulses!
The bag of meat convulses!
The bag of meat convulses!
The Servant convulses!
The eight-headed meat hydra convulses!
The bag of meat convulses!
The bag of meat convulses! x6
The meat berserker convulses!
The bag of meat convulses!
The bag of meat convulses!
Your body is wracked with pain!
The bag of meat convulses! x2
The Servant hits you from afar with a +9 glaive of flaming!!!!
* * * LOW HITPOINT WARNING * * *
The Servant burns you!!!
You die...

W...##.##.......
.......%........
.......#.#%..%...
...........D...##
.......%....D....
.%..W....W.@ooo..
%%%..W.)))).oooo.
%.%...%))@oOooo..
.#.%%))))#.o..o.
#...)))W# .....
.###..%))))###....
..%..%###)).......
.%...._..........
...#...))#..%....
...#_.<)_#%%%... %
#....)#...%..


You could see The Servant, 2 eight-headed meat hydras, 2 dreads, a meat
berserker (berserk), 2 shadows and 13 bags of meat.

Vanquished Creatures
  4 hell beasts (D)
  3 greater mummies (D)
  A wraith (D)
  15 vampire knights (D)
  30 ogres (D)
  2 liches (D)
  54 orcs (D)
  A phantom (D)
  5 hill giants (D)
  2 skeletal warriors (D)
  3 large abominations (D)
  4 small abominations (D)
  5 crawling corpses (D)
129 creatures vanquished.

Vanquished Creatures (others)
  5 crawling corpses (D)
5 creatures vanquished.

Grand Total: 134 creatures vanquished

Notes
Turn   | Place    | Note
--------------------------------------------------------------
     0 | D        | Burgietje the Ogre Berserker began the quest for the Orb.
     0 | D        | Reached XP level 1. HP: 24/24 MP: 1/1
     2 | D        | Noticed a bag of meat
     2 | D        | Noticed a bag of meat
     2 | D        | Noticed a bag of meat
     2 | D        | Noticed a bag of meat
     3 | D        | Fell from the grace of Trog
     3 | D        | Became a worshipper of Makhleb the Destroyer
     4 | D        | Noticed a bag of meat
     4 | D        | Noticed a bag of meat
     4 | D        | Noticed a bag of meat
     5 | D        | Killed a bag of meat
     5 | D        | Reached skill level 20 in Fighting
     5 | D        | Reached skill level 15 in Dodging
     5 | D        | Reached XP level 2. HP: 27/67 MP: 2/2
     5 | D        | Reached XP level 3. HP: 30/76 MP: 3/3
     5 | D        | Reached XP level 4. HP: 33/85 MP: 4/4
     5 | D        | Reached XP level 5. HP: 36/94 MP: 5/5
     5 | D        | Reached XP level 6. HP: 39/104 MP: 6/6
     5 | D        | Reached XP level 7. HP: 42/113 MP: 7/7
     5 | D        | Reached XP level 8. HP: 45/122 MP: 8/8
     5 | D        | Reached XP level 9. HP: 48/131 MP: 9/9
     5 | D        | Reached XP level 10. HP: 51/140 MP: 10/10
     5 | D        | Reached XP level 11. HP: 54/149 MP: 11/11
     5 | D        | Reached XP level 12. HP: 57/158 MP: 12/12
     6 | D        | Noticed a meat berserker
     6 | D        | Killed a bag of meat
     6 | D        | Reached * piety under Makhleb
     6 | D        | Reached skill level 23 in Fighting
     6 | D        | Reached skill level 15 in Axes
     6 | D        | Reached XP level 13. HP: 60/175 MP: 13/13
     7 | D        | Killed a bag of meat
     7 | D        | Reached skill level 25 in Fighting
     7 | D        | Reached XP level 14. HP: 84/192 MP: 14/14
     7 | D        | Noticed a bag of meat
     8 | D        | Noticed a meat berserker
     8 | D        | Killed a meat berserker
     8 | D        | Reached ** piety under Makhleb
     8 | D        | Reached skill level 27 in Fighting
     8 | D        | Reached XP level 15. HP: 65/206 MP: 15/15
     8 | D        | Killed a bag of meat
     8 | D        | Killed a bag of meat
     8 | D        | Reached *** piety under Makhleb
     8 | D        | Reached XP level 16. HP: 151/217 MP: 16/16
     8 | D        | Killed a bag of meat
     9 | D        | Noticed a bag of meat
     9 | D        | Noticed a bag of meat
     9 | D        | Killed a bag of meat
    10 | D        | Noticed a meat berserker
    10 | D        | Killed a meat berserker
    10 | D        | Reached **** piety under Makhleb
    10 | D        | Reached skill level 27 in Dodging
    10 | D        | Reached XP level 17. HP: 147/226 MP: 17/17
    11 | D        | Noticed a meat berserker
    11 | D        | Killed a bag of meat
    11 | D        | Reached skill level 27 in Axes
    12 | D        | Noticed a meat berserker
    12 | D        | Noticed a meat berserker
    12 | D        | Killed a bag of meat
    12 | D        | Reached skill level 5 in Armour
    12 | D        | Reached skill level 5 in Stealth
    12 | D        | Reached skill level 5 in Unarmed Combat
    12 | D        | Reached XP level 18. HP: 229/236 MP: 17/27
    13 | D        | Noticed a bag of meat
    13 | D        | Killed a meat berserker
    13 | D        | Reached ***** piety under Makhleb
    13 | D        | Reached skill level 10 in Throwing
    13 | D        | Killed a meat berserker
    13 | D        | Reached XP level 19. HP: 245/245 MP: 17/37
    15 | D        | Noticed a bag of meat
    15 | D        | Noticed a meat berserker
    16 | D        | Noticed a meat berserker
    17 | D        | Noticed a bag of meat
    17 | D        | Noticed a meat berserker
    17 | D        | Noticed a large bag of meat
    17 | D        | Noticed a bag of meat
    17 | D        | Noticed a bag of meat
    17 | D        | Noticed a bag of meat
    18 | D        | Noticed a bag of meat
    18 | D        | Noticed a meat berserker
    18 | D        | Killed a meat berserker
    18 | D        | Reached skill level 15 in Throwing
    18 | D        | Killed a meat berserker
    18 | D        | Noticed a bag of meat
    19 | D        | Noticed a bag of meat
    19 | D        | Noticed a bag of meat
    19 | D        | Noticed a bag of meat
    19 | D        | Noticed a meat berserker
    19 | D        | Killed a meat berserker
    19 | D        | Reached XP level 20. HP: 256/256 MP: 18/43
    20 | D        | Noticed a bag of meat
    20 | D        | Noticed a meat berserker
    20 | D        | Noticed a bag of meat
    20 | D        | Killed a meat berserker
    20 | D        | Reached ****** piety under Makhleb
    21 | D        | Noticed a bag of meat
    21 | D        | Noticed a large bag of meat
    21 | D        | Noticed a bag of meat
    21 | D        | Killed a meat berserker
    21 | D        | Reached XP level 21. HP: 265/265 MP: 18/47
    22 | D        | Noticed a bag of meat
    22 | D        | Noticed a bag of meat
    22 | D        | Noticed a bag of meat
    23 | D        | Noticed a bag of meat
    23 | D        | Noticed a meat berserker
    23 | D        | Killed a meat berserker
    23 | D        | Killed a bag of meat
    24 | D        | Noticed a bag of meat
    24 | D        | Noticed a bag of meat
    24 | D        | Noticed a bag of meat
    24 | D        | Noticed a large bag of meat
    24 | D        | Killed a meat berserker
    24 | D        | Reached XP level 22. HP: 275/275 MP: 19/51
    25 | D        | Noticed a bag of meat
    25 | D        | Noticed a bag of meat
    25 | D        | Killed a large bag of meat
    25 | D        | Killed a bag of meat
    25 | D        | Killed a bag of meat
    26 | D        | Noticed a bag of meat
    26 | D        | Noticed a bag of meat
    26 | D        | Noticed a meat berserker
    26 | D        | Noticed a bag of meat
    26 | D        | Noticed a destroyer
    26 | D        | Killed a bag of meat
    26 | D        | Killed a bag of meat
    26 | D        | Reached skill level 27 in Spellcasting
    26 | D        | Reached skill level 27 in Invocations
    26 | D        | Killed a bag of meat
    26 | D        | Reached XP level 23. HP: 284/284 MP: 20/54
    26 | D        | Killed a meat berserker
    26 | D        | Reached skill level 27 in Throwing
    27 | D        | Noticed a bag of meat
    27 | D        | Noticed a bag of meat
    27 | D        | Noticed a bag of meat
    27 | D        | Noticed a large bag of meat
    28 | D        | Noticed a large bag of meat
    28 | D        | Noticed a destroyer
    28 | D        | Noticed a bag of meat
    28 | D        | Noticed a bag of meat
    28 | D        | Killed a bag of meat
    28 | D        | Killed a bag of meat
    28 | D        | Reached skill level 27 in Stealth
    28 | D        | Reached skill level 27 in Unarmed Combat
    28 | D        | Killed a bag of meat
    28 | D        | Reached skill level 27 in Armour
    28 | D        | Killed a large bag of meat
    29 | D        | Noticed a meat berserker
    29 | D        | Noticed a bag of meat
    29 | D        | Noticed a bag of meat
    29 | D        | Killed a bag of meat
    29 | D        | Killed a bag of meat
    29 | D        | Reached XP level 24. HP: 295/295 MP: 20/54
    29 | D        | Killed a large bag of meat
    29 | D        | Killed a bag of meat
    29 | D        | Killed a bag of meat
    29 | D        | Killed a bag of meat
    29 | D        | Killed a bag of meat
    30 | D        | Killed a meat berserker
    30 | D        | Killed a bag of meat
    30 | D        | Reached XP level 25. HP: 304/304 MP: 21/54
    31 | D        | Noticed a sculptor of flesh
    31 | D        | Noticed a bag of meat
    31 | D        | Noticed a bag of meat
    31 | D        | Killed a bag of meat
    31 | D        | Killed a bag of meat
    32 | D        | Noticed a bag of meat
    32 | D        | Killed a bag of meat
    32 | D        | Killed a bag of meat
    32 | D        | Killed a meat berserker
    32 | D        | Killed a bag of meat
    33 | D        | Noticed a meat berserker
    33 | D        | Killed a bag of meat
    33 | D        | Killed a bag of meat
    33 | D        | Reached XP level 26. HP: 314/314 MP: 21/54
    34 | D        | Noticed a bag of meat
    34 | D        | Noticed a destroyer
    34 | D        | Killed a bag of meat
    34 | D        | Killed a large bag of meat
    35 | D        | Noticed a bag of meat
    35 | D        | Killed a bag of meat
    35 | D        | Killed a bag of meat
    35 | D        | Killed a meat berserker
    36 | D        | Noticed a sculptor of flesh
    36 | D        | Noticed a bag of meat
    36 | D        | Killed a bag of meat
    36 | D        | Killed a bag of meat
    36 | D        | Reached XP level 27. HP: 323/323 MP: 22/54
    37 | D        | Noticed a destroyer
    37 | D        | Noticed a bag of meat
    37 | D        | Killed a bag of meat
    37 | D        | Killed a bag of meat
    38 | D        | Noticed a destroyer
    38 | D        | Noticed a destroyer
    38 | D        | Killed a bag of meat
    38 | D        | Killed a destroyer
    38 | D        | Killed a bag of meat
    39 | D        | Killed a bag of meat
    39 | D        | Killed a bag of meat
    39 | D        | Killed a bag of meat
    39 | D        | Killed a meat berserker
    40 | D        | Killed a bag of meat
    40 | D        | Killed a bag of meat
    40 | D        | Killed a large bag of meat
    41 | D        | Killed a destroyer
    42 | D        | Killed a destroyer
    42 | D        | Killed a bag of meat
    43 | D        | Killed a bag of meat
    43 | D        | Killed a sculptor of flesh
    44 | D        | Killed a destroyer
    46 | D        | Killed a bag of meat
    46 | D        | Killed a bag of meat
    46 | D        | Killed a destroyer
    46 | D        | Killed a sculptor of flesh
    46 | D        | Killed a bag of meat
    48 | D        | Noticed a destroyer
    48 | D        | Noticed a meat berserker
    49 | D        | Noticed a destroyer
    50 | D        | Killed a destroyer
    51 | D        | Noticed an accursed
    52 | D        | Noticed a destroyer
    52 | D        | Noticed a tyrant
    53 | D        | Noticed a meat berserker
    53 | D        | Noticed a meat berserker
    53 | D        | Noticed a tyrant
    54 | D        | Noticed a meat berserker
    54 | D        | Killed a meat berserker
    54 | D        | Killed a meat berserker
    55 | D        | Noticed a bag of meat
    55 | D        | Noticed a meat berserker
    55 | D        | Killed a meat berserker
    56 | D        | Noticed a destroyer
    56 | D        | Noticed a meat berserker
    57 | D        | Noticed an accursed
    57 | D        | Noticed an accursed
    57 | D        | Noticed The Servant
    57 | D        | Noticed a meat berserker
    57 | D        | Noticed a destroyer
    57 | D        | Killed an accursed
    58 | D        | Killed a meat berserker
    59 | D        | Noticed a bag of meat
    59 | D        | Killed a meat berserker
    60 | D        | Killed a meat berserker
    61 | D        | Killed a meat berserker
    61 | D        | Killed a destroyer
    62 | D        | Noticed a meat berserker
    63 | D        | Noticed a meat berserker
    63 | D        | Killed a destroyer
    63 | D        | Killed a tyrant
    64 | D        | Noticed a meat berserker
    64 | D        | Killed a bag of meat
    65 | D        | Noticed a destroyer
    65 | D        | Noticed a destroyer
    65 | D        | Killed a meat berserker
    65 | D        | Killed a destroyer
    65 | D        | Killed a destroyer
    66 | D        | Noticed a meat berserker
    66 | D        | Killed a destroyer
    67 | D        | Noticed a meat beast
    67 | D        | Killed an accursed
    68 | D        | Noticed a meat berserker
    68 | D        | Noticed a meat berserker
    68 | D        | Killed a tyrant
    68 | D        | Killed a meat berserker
    69 | D        | Noticed a meat beast
    69 | D        | Noticed a dread
    69 | D        | Noticed a destroyer
    69 | D        | Noticed a destroyer
    69 | D        | Noticed a meat berserker
    69 | D        | Noticed a bag of meat
    70 | D        | Noticed a bag of meat
    70 | D        | Noticed a bag of meat
    70 | D        | Killed a meat beast
    70 | D        | Killed a destroyer
    70 | D        | Killed a meat berserker
    71 | D        | Noticed a bag of meat
    71 | D        | Killed a meat berserker
    71 | D        | Killed a destroyer
    71 | D        | Noticed a meat beast
    72 | D        | Noticed a bag of meat
    72 | D        | Noticed a dread
    72 | D        | Killed a meat beast
    73 | D        | Noticed a meat berserker
    73 | D        | Noticed a bag of meat
    73 | D        | Noticed a bag of meat
    73 | D        | Killed a meat berserker
    73 | D        | Killed a meat beast
    74 | D        | Noticed a meat beast
    74 | D        | Noticed a bag of meat
    74 | D        | Noticed a bag of meat
    74 | D        | Killed a meat berserker
    75 | D        | Noticed a bag of meat
    75 | D        | Noticed a bag of meat
    75 | D        | Killed a meat berserker
    75 | D        | Killed a destroyer
    76 | D        | Noticed a dread
    76 | D        | Noticed a bag of meat
    76 | D        | Killed a meat beast
    76 | D        | Killed a wretched soul
    77 | D        | Noticed a bag of meat
    77 | D        | Killed a bag of meat
    77 | D        | Killed a destroyer
    78 | D        | Noticed a bag of meat
    78 | D        | Noticed a bag of meat
    79 | D        | Killed an accursed
    79 | D        | Killed a dread
    79 | D        | Killed a bag of meat
    79 | D        | HP: 1/323 [The Servant/+9 glaive of flaming (108)]
    79 | D        | Annihilated by The Servant

Action                   |  1- 3 |  4- 6 |  7- 9 | 10-12 | 13-15 | 16-18 | 19-21 | 22-24 | 25-27 || total
-------------------------+-------+-------+-------+-------+-------+-------+-------+-------+-------++-------
Melee: Executioner's axe |     1 |       |       |     1 |     2 |     5 |     6 |     5 |    38 ||    58
